 Dungeon Crawl Stone Soup version 0.27-a0-1147-gb3d8e82157 (webtiles) character file.

Game seed: 14982542819415213273

315 freelancePsychic the Chiller (level 6, -4/50 HPs)
             Began as a Draconian Ice Elementalist on May 12, 2021.
             Slain by Grinder (9 damage)
             ... on level 4 of the Dungeon.
             The game lasted 00:12:00 (4150 turns).

freelancePsychic the Chiller (DrIE)                 Turns: 4150, Time: 00:12:00

Health: -4/50      AC:  6    Str:  7 (10) XL:     6   Next: 20%
Magic:  10/10      EV: 12    Int: 15 (17) God:
Gold:   144        SH:  5    Dex: 11 (12) Spells: 7/11 levels left

rFire    . . .     SeeInvis .   f - +1 flail (pain)
rCold    . . .     Faith    .   (no shield)
rNeg     . . .     Spirit   .   (armour unavailable)
rPois    .         Reflect  +   (helmet restricted)
rElec    .         Harm     .   (no cloak)
rCorr    .         Rampage  .   (no gloves)
Will     .....                  (no boots)
Stlth    ++........             o - amulet of reflection
HPRegen  0.16/turn              (no ring)
MPRegen  0.12/turn              (no ring)

@: about to teleport
A: AC +6, unfitting armour, cold-blooded
a: no special abilities


You were on level 4 of the Dungeon.
You visited 1 branch of the dungeon, and saw 4 of its levels.

You collected 144 gold pieces.

Inventory:

Hand Weapons
 f - a +1 flail of pain (weapon)
Armour
 k - a +0 buckler
Magical Staves
 j - a staff of conjuration
 n - a staff of death
Jewellery
 o - an amulet of reflection (around neck)
Scrolls
 a - a scroll of summoning
 d - a scroll of identify {@r1}
 h - a scroll of enchant weapon
 l - a scroll of fear {unknown}
 m - 2 scrolls of teleportation {@r4}
 p - a scroll of fog {unknown}
Potions
 e - a potion of degeneration
 q - a potion of cancellation
 r - a potion of flight {unknown}


   Skills:
 + Level 2.5 Fighting
 - Level 1.7 Dodging
 - Level 1.7 Stealth
 - Level 3.0 Spellcasting
 * Level 3.5 Necromancy
 - Level 5.3 Ice Magic


You had 7 spell levels left.
You knew the following spells:

 Your Spells              Type           Power      Damage    Failure   Level
a - Freeze                Ice            72%        1d9       2%          1
b - Frozen Ramparts       Ice            36%        1d5       7%          3

Your spell library contained the following spells:

 Spells                   Type           Power      Damage    Failure   Level
 Ozocubu's Armour         Ice            18%        N/A       7%          3
 Hailstorm                Conj/Ice       10%        3d5       54%         4
 Metabolic Englaciation   Hex/Ice        5%         N/A       88%         5


Dungeon Overview and Level Annotations

Branches:
Dungeon (4/15)
 Temple: D:4-7

Altars:

Annotations:
D:2 Sigmund
D:4 Grinder


Innate Abilities, Weirdness & Mutations

Your plain brown scales are hard. (AC +6)
You cannot fit into any form of body armour.
You are cold-blooded and may be slowed by cold attacks.


Message History

Grinder is moderately wounded.
Your adder skeleton misses Grinder.
Grinder gestures at you. Pain shoots through your body!
* * * LOW HITPOINT WARNING * * *
Your adder skeleton closely misses Grinder.
Grinder hits you.
* * * LOW HITPOINT WARNING * * *
You writhe in agony.
* * * LOW HITPOINT WARNING * * *
Your adder skeleton barely misses Grinder.
Grinder gestures at you. You resist with significant effort.
It was a potion of curing.
You feel better.
You feel less invigorated.
Your adder skeleton dissolves into shadows!
Grinder gestures at you.
You suddenly lose the ability to move!
Grinder gestures at you. Pain shoots through your body!
* * * LOW HITPOINT WARNING * * *
Grinder hits you but does no damage.
You can move again.
As you read the scroll labelled QOBUKA XUMA, it crumbles to dust.
It is a scroll of amnesia.
Really abort (and waste the scroll)?
Okay, then.
Grinder gestures at you.
You shrug off the repeated paralysis!
As you read the scroll labelled WETAGU GAERA, it crumbles to dust.
It is a scroll of identify.
h - a scroll of enchant weapon Grinder misses you.
Unknown command.
As you read the scroll labelled SIKHLU QIPROT, it crumbles to dust.
You hear a loud clanging noise!
It was a scroll of noise.
Grinder closely misses you.
As you read the scroll labelled FULUUP REIWE, it crumbles to dust.
You feel strangely unstable.
It was a scroll of teleportation.
Grinder hits you!
You die...

##.#.###############
#.#................
#.#.###############
#...# # ##..# ####
#..# ##... #..#
###..## #."#
##...... #@5#
#...#### ##.# #####
#.# #.# ###


You could see Grinder.

Vanquished Creatures
  An ogre (D:3)
  A scorpion (D:4)
  A hound (D:4)
  5 gnolls
  2 adders
  2 dart slugs
  An orc (D:4)
  11 ball pythons
  3 bats
  6 endoplasms
  3 giant cockroaches (D:1)
  13 goblins
  2 hobgoblins
  5 jackals
  5 kobolds
  5 quokkas
  6 frilled lizards
  7 rats
79 creatures vanquished.

Notes
Turn   | Place    | Note
-------+----------+-------------------------------------------
     0 | D:1      | freelancePsychic the Draconian Ice Elementalist began the
                  | quest for the Orb.
     0 | D:1      | Reached XP level 1. HP: 14/14 MP: 3/3
   185 | D:1      | Reached XP level 2. HP: 7/20 MP: 0/5
   983 | D:2      | Reached XP level 3. HP: 26/26 MP: 5/7
  1039 | D:2      | You fall into a shaft and drop 1 floor!
  1158 | D:3      | Learned a level 3 spell: Frozen Ramparts
  1388 | D:3      | Reached skill level 5 in Ice Magic
  1388 | D:3      | Reached XP level 4. HP: 9/33 MP: 3/8
  2171 | D:3      | Noticed an ogre
  2177 | D:3      | Killed an ogre
  2178 | D:3      | Reached skill level 1 in Fighting
  2178 | D:3      | Reached XP level 5. HP: 39/40 MP: 3/9
  2577 | D:2      | Noticed Sigmund
  3240 | D:1      | Found a faded altar of an unknown god.
  4094 | D:4      | Noticed Grinder
  4112 | D:4      | Reached XP level 6. HP: 17/50 MP: 7/10
  4142 | D:4      | HP: 2/50 [Grinder (5)]
  4144 | D:4      | Paralysed by Grinder for 3 turns
  4150 | D:4      | Slain by Grinder

Illustrated notes

Levels and vault maps discovered:
D:1:      dpeg_arrival_prison, layout_basic,
          hellmonk_ecumenical_altar_crossroads, serial_glass, glass_columns_c,
          glass_columns_a, serial_park_tiny_2
D:2:      layout_basic, uniq_sigmund
D:3:      layout_loops_ring, minmay_misc_feat_secret_circle,
          minmay_ogre_servants
D:4:      layout_rooms, serial_shops, kennysheep_mini, uniq_grinder,
          uniq_natasha

Skill      XL: |  1  2  3  4  5 |
---------------+----------------+-----
Spellcasting   | 3 |  3.0
Ice Magic      | 5 |  5.3
Fighting       | 1 2 |  2.5
Necromancy     | 2 3 |  3.5
Dodging        | |  1.7
Stealth        | |  1.7

Action                   |  1- 3 |  4- 6 || total
-------------------------+-------+-------++-------
Melee: Unarmed           |     3 |       ||     3
       Flail             |       |    57 ||    57
       Tailslap          |       |     2 ||     2
 Cast: Freeze            |    45 |    25 ||    70
       Frozen Ramparts   |     2 |     8 ||    10
  Use: Scroll            |       |     5 ||     5
       Potion            |       |     4 ||     4
 Stab: Sleeping          |       |     2 ||     2
Armor: Skin              |     8 |    14 ||    22
Dodge: Dodged            |    25 |    45 ||    70
Block: Other             |       |     4 ||     4
       Reflection        |       |     1 ||     1

Table legend: (Time is in decaauts)
 A = Elapsed time spent in this place.
 B = Non-inter-level travel time spent in this place.
 C = Inter-level travel time spent in this place.
 D = Time resting spent in this place.
 E = Time spent auto-exploring this place.
 F = Levels seen in this place.
 G = Mean time per level.
                   A        B        C        D        E       F      G
               +--------+--------+--------+--------+--------+-----+--------+
         Total |   4177 |   3953 |    224 |    471 |   2768 |   4 | 1044.2 |
       Dungeon |   4177 |   3953 |    224 |    471 |   2768 |   4 | 1044.2 |
               +--------+--------+--------+--------+--------+-----+--------+

Top non-repeatable levels by time:
     D:2: 1375 daAuts
     D:3: 1279 daAuts
     D:1: 1132 daAuts
     D:4: 389 daAuts
